 Dungeon Crawl Stone Soup version 0.22.1-1-ga44c0e5 (webtiles) character file.

1723 Irenicus the Cleaver (level 8, -3/73 HPs)
             Began as a Deep Dwarf Warper on Sept 25, 2018.
             Was a Follower of Makhleb.
             Slain by an orc warrior
             ... wielding a +0 flail
              (16 damage)
             ... on level 7 of the Dungeon.
             The game lasted 00:20:51 (2387 turns).

Irenicus the Cleaver (Deep Dwarf Warper)            Turns: 2387, Time: 00:20:52

Health: -3/73      AC:  3    Str: 13 (14) XL:     8   Next: 75%
Magic:  0/2        EV: 12    Int: 14 (15) God:    Makhleb [*.....]
Gold:   109        SH:  0    Dex: 14      Spells: 7/11 levels left

rFire    . . .     SeeInvis +   a - +1 hand axe
rCold    . . .     Gourm    .   (no shield)
rNeg     . . .     Faith    .   b - +0 leather armour
rPois    +         Spirit   .   (no helmet)
rElec    .         Reflect  .   t - scarf {cloud immunity}
rCorr    .         Harm     .   (no gloves)
MR       +....                  (no boots)
Stlth    ++........             j - amulet of the acrobat
HPRegen  0.00/turn              h - ring of poison resistance
MPRegen  0.08/turn              n - ring of stealth

@: non-regenerating
A: damage resistance, heal wounds, see invisible, blink, sense surroundings 1,
robust 1, no regeneration
a: Heal Wounds, Blink, Renounce Religion


You were on level 7 of the Dungeon.
You worshipped Makhleb.
Makhleb was aware of your devotion.
You were near starving.

You visited 2 branches of the dungeon, and saw 8 of its levels.

You collected 109 gold pieces.

Inventory:

Hand Weapons
 a - a +1 hand axe (weapon)
 e - a +1 whip of flaming
 i - a +0 broad axe
Armour
 b - a +0 leather armour (worn)
 t - a scarf of cloud immunity (worn)
Jewellery
 g - an uncursed ring of ice
 h - a ring of poison resistance (left hand)
 j - an amulet of the acrobat (around neck)
 n - a ring of stealth (right hand)
Wands
 k - a wand of polymorph (6)
Scrolls
 m - 4 scrolls of identify
 p - a scroll of teleportation
 q - a scroll of enchant weapon
 r - a scroll of enchant armour {unknown}
 s - a scroll of remove curse
Potions
 c - a potion of curing
 l - 2 potions of flight
Comestibles
 f - 7 rations


   Skills:
 - Level 2.0 Fighting
 + Level 11.8 Axes
 - Level 1.0 Throwing
 - Level 1.3 Armour
 - Level 2.3 Dodging
 - Level 2.3 Spellcasting
 - Level 1.0 Charms
 - Level 3.2 Translocations


You had 7 spell levels left.
You knew the following spells:

 Your Spells              Type           Power        Failure   Level  Hunger
a - Shroud of Golubria    Chrm/Tloc      #.........   19%         2    ###....
b - Blink                 Tloc           N/A          12%         2    ###....

Your spell library contained the following spells:

 Spells                   Type           Power        Failure   Level  Hunger
 Gell's Gravitas          Tloc           ##........   22%         3    ###....
 Lesser Beckoning         Tloc           ##........   22%         3    ###....
 Teleport Other           Tloc           ##......     22%         3    ###....
 Passage of Golubria      Tloc           N/A          58%         4    #####..


Dungeon Overview and Level Annotations

Branches:
Dungeon (7/15)             Temple (1/1) D:4

Altars:
Ashenzari
Cheibriados
Dithmenos
Elyvilon
Fedhas
Kikubaaqudgha
Makhleb
Nemelex Xobeh
Qazlal
Ru
Sif Muna
Trog
Vehumet
Xom

Shops:
D:5 (   D:6 [

Annotations:
D:3 1 runed door, MalarOregon's ghost, amateur MiTm
D:4 1 runed door, ranchani's ghost, amateur DrBe
D:6 Prince Ribbit


Innate Abilities, Weirdness & Mutations

You are resistant to damage.
You can heal yourself by infusing magical energy.
You passively map a small area around you.
You do not regenerate.
You have supernaturally acute eyesight. (SInv)
You can translocate small distances at will.
You are robust. (+10% HP)


Message History

Makhleb accepts your kill.
You see here a hound corpse.
You butcher the hound corpse.
The orc warrior hits you with a flail!
* * * LOW HITPOINT WARNING * * *
You see here 2 chunks of flesh.
You hit the orc warrior.
The orc warrior is lightly wounded.
You hit the orc warrior.
The orc warrior is moderately wounded.
The orc warrior closely misses you.
Casting: Blink (safe; 12% risk of failure)
Confirm with . or Enter, or press ? or * to list all spells.
Space distorts slightly along a thin shroud covering your body.
The orc warrior misses you.
You hit the orc warrior but do no damage.
The orc warrior is moderately wounded.
You hit the orc warrior.
The orc warrior is heavily wounded.
The orc warrior hits you with a flail!!
You die...

#....#.#, , , *
#......#....... ,
#......#.......*
.# ##...#.#.......
#.# #..##.#....<..
#.# #..รท..# .....
#.# ##.#### ,>?.
#.# #(# **#
*#.##.# #.# ##. *
#@#.# #.# ##.##
##o.# ##.###...#
#..# #...###.##
##o.# *
#........## ##.#.#
*
#...#####.###....#
*, #####
##.o.##### , #.###
*, , , #.# ,


You could see an orc warrior and an orc priest.

Vanquished Creatures
  Pikel (D:5)
  Edmund (D:6)
  A water moccasin (D:7)
  A naga (D:6)
  An ice beast (D:7)
  2 ogres
  A centaur (D:6)
  A bullfrog (D:6)
  2 scorpions
  4 hounds
  A bullfrog zombie (D:6)
  A bullfrog skeleton (D:7)
  2 orc wizards (D:5)
  An iguana (D:7)
  4 worker ants
  3 adders
  3 oozes
  A worm (D:4)
  4 leopard geckos
  5 orcs
  A ball python (D:4)
  3 giant cockroaches
  2 goblins
  5 hobgoblins
  3 jackals (D:2)
  2 quokkas (D:3)
  8 bats
  3 frilled lizards
  9 kobolds
  2 leopard gecko skeletons
  A quokka zombie (D:6)
  8 rats
87 creatures vanquished.

Vanquished Creatures (others)
  A withered plant (D:3)
1 creature vanquished.

Grand Total: 88 creatures vanquished

Notes
Turn   | Place    | Note
-------+----------+-------------------------------------------
     0 | D:1      | Irenicus the Deep Dwarf Warper began the quest for the Orb.
     0 | D:1      | Reached XP level 1. HP: 19/19 MP: 3/3
    56 | D:1      | Reached skill level 1 in Throwing
    56 | D:1      | Reached XP level 2. HP: 23/26 MP: 4/4
   178 | D:1      | Learned a level 2 spell: Shroud of Golubria
   333 | D:2      | Reached XP level 3. HP: 24/32 MP: 3/6
   402 | D:2      | Reached skill level 3 in Axes
   486 | D:3      | Found an ancient bone altar of Kikubaaqudgha.
   591 | D:3      | Reached skill level 1 in Charms
   603 | D:3      | Learned a level 2 spell: Blink
   632 | D:3      | Found a bloodstained altar of Trog.
   634 | D:3      | Found a sparkling altar of Nemelex Xobeh.
   655 | D:3      | Reached XP level 4. HP: 13/39 MP: 4/7
   657 | D:3      | Gained mutation: You are robust. (+10% HP) [potion of
                  | mutation]
   657 | D:3      | Gained mutation: You can translocate small distances at
                  | will. [potion of mutation]
   657 | D:3      | Gained mutation: You have supernaturally acute eyesight.
                  | (SInv) [potion of mutation]
   674 | D:3      | Found a runed door.
   674 | D:3      | Noticed MalarOregon's ghost (amateur MiTm)
   774 | D:4      | Noticed an ogre
   775 | D:4      | Found a staircase to the Ecumenical Temple.
   824 | D:4      | Killed an ogre
   824 | D:4      | Reached skill level 5 in Axes
   824 | D:4      | Reached XP level 5. HP: 27/49 MP: 6/8
   874 | Temple   | Entered the Ecumenical Temple
   891 | Temple   | Became a worshipper of Makhleb the Destroyer
   926 | D:5      | Entered Level 5 of the Dungeon
   926 | D:5      | Noticed Pikel
   926 | D:5      | Noticed a slave
   926 | D:5      | Noticed a slave
   927 | D:5      | Noticed a slave
  1053 | D:4      | Found a runed door.
  1053 | D:4      | Noticed ranchani's ghost (amateur DrBe)
  1081 | D:4      | Reached skill level 6 in Axes
  1259 | D:5      | Noticed a slave
  1260 | D:5      | Noticed a centaur
  1280 | D:5      | Noticed an ogre
  1293 | D:5      | Killed an ogre
  1293 | D:5      | Reached XP level 6. HP: 24/57 MP: 4/7
  1379 | D:5      | Killed Pikel
  1379 | D:5      | Reached skill level 8 in Axes
  1379 | D:5      | Reached XP level 7. HP: 49/66 MP: 3/8
  1475 | D:5      | Reached skill level 9 in Axes
  1486 | D:5      | Found Gacrur's Weapon Emporium.
  1635 | D:5      | Found a stormy altar of Qazlal.
  1743 | D:6      | HP: 2/66 [orc warrior/broad axe (14)]
  1771 | D:6      | Reached skill level 10 in Axes
  1771 | D:6      | Reached XP level 8. HP: 24/73 MP: 3/7
  1798 | D:6      | Found Legil's Antique Armour Emporium.
  1890 | D:6      | Found a blossoming altar of Fedhas.
  1890 | D:6      | Found a shimmering altar of Xom.
  1891 | D:6      | Found a sacrificial altar of Ru.
  2087 | D:7      | Reached skill level 11 in Axes
  2142 | D:6      | Noticed Prince Ribbit
  2153 | D:6      | Noticed Edmund
  2192 | D:6      | Killed Edmund
  2194 | D:6      | Reached * piety under Makhleb
  2387 | D:7      | Slain by an orc warrior

Skill      XL: |  1  2  3  4  5  6  7  8 |
---------------+-------------------------+-----
Throwing       | 1 |  1.0
Fighting       | 2 |  2.0
Spellcasting   | 2 |  2.3
Axes           | 3 5 6 8 10 11 | 11.8
Charms         | 1 |  1.0
Armour         | |  1.3
Dodging        | |  2.3
Translocations | |  3.2

Action                   |  1- 3 |  4- 6 |  7- 9 || total
-------------------------+-------+-------+-------++-------
Melee: Whip              |    16 |       |     7 ||    23
       Hand axe          |   121 |   109 |   226 ||   456
Throw: Tomahawk          |       |     5 |       ||     5
 Cast: Shroud of Golubri |    14 |    14 |    23 ||    51
       Blink             |       |     3 |     3 ||     6
 Abil: Heal Wounds       |     1 |     6 |    16 ||    23
Evoke: Wand              |       |       |     5 ||     5
  Use: Scroll            |     4 |     5 |     1 ||    10
       Potion            |     2 |     5 |     5 ||    12
 Stab: Sleeping          |       |       |     1 ||     1
  Eat: Chunk             |       |     4 |     1 ||     5
       Ration            |       |       |     1 ||     1
Armor: Leather armour    |    27 |    15 |    23 ||    65
Dodge: Dodged            |   100 |    69 |   151 ||   320
